 Dungeon Crawl Stone Soup version 0.15.2 (webtiles) character file.

232 kae the Sneak (level 5, 0/24 HPs)
             Began as a Spriggan Enchanter on Dec 26, 2014.
             Succumbed to a worker ant's poison
             ... on Level 4 of the Dungeon.
             The game lasted 00:03:30 (3147 turns).

kae the Sneak (Spriggan Enchanter)                  Turns: 3147, Time: 00:03:31

HP   0/24        AC  3     Str  5      XL: 5   Next: 73%
MP   3/16        EV 18     Int 17      God:
Gold 104         SH  0     Dex 16      Spells:  3 memorised,  5 levels left

rFire  . . .     SeeInvis +     a - +2 dagger
rCold  . . .     Clarity  .     b - +1 robe
rNeg   . . .     rCorr    .     (shield restricted)
rPois  .         rRot     .     (helmet restricted)
rElec  .         Spirit   .     (no cloak)
SustAb .         Warding  .     (gloves unavailable)
rMut   .         Stasis   .     (boots unavailable)
Gourm  .                        (no amulet)
MR     .....                    (no ring)
                                q - +3 ring of slaying

@: lethally poisoned, very slightly contaminated, very quick, not resistant to
hostile enchantments, stealthy
A: unfitting armour, see invisible, herbivore 3, speed 3, slow metabolism 2
a: no special abilities


You were on level 4 of the Dungeon.
You were full.

You visited 1 branch of the dungeon, and saw 4 of its levels.

You collected 104 gold pieces.

Inventory:

Hand weapons
 a - a +2 dagger (weapon)
Armour
 b - a +1 robe (worn)
Comestibles
 r - 2 fruits
 t - 2 bread rations
Scrolls
 f - 2 scrolls of random uselessness
 h - 5 scrolls of remove curse
 i - 2 scrolls of teleportation
 l - 4 scrolls of identify
Jewellery
 q - a +3 ring of slaying (left hand)
Potions
 e - a potion of degeneration {unknown}
 g - 2 potions of flight
 j - a potion of lignification {unknown}
 k - a potion of might {unknown}
 m - a potion of curing {unknown}
 n - a potion of beneficial mutation {unknown}
 o - 2 potions of brilliance {unknown}
 p - a potion of restore abilities {unknown}
 u - a potion of heal wounds {unknown}
Books
 c - a book of Maledictions

   Spells                             Type                      Level
   *Corona                            Hexes                        1
   Sure Blade                         Hexes/Charms                 2
   *Ensorcelled Hibernation           Hexes/Ice                    2
   *Confuse                           Hexes                        3
   Dazzling Spray                     Conjuration/Hexes            3
   Enslavement                        Hexes                        4


   Skills:
 * Level 3.8 Short Blades
 - Level 3.0 Dodging
 * Level 6.8 Stealth
 + Level 3.6 Spellcasting
 + Level 4.6 Hexes


You had 5 spell levels left.
You knew the following spells:

 Your Spells              Type           Power        Failure   Level  Hunger
a - Corona                Hex            ###....      2%          1    None
b - Ensorcelled Hibernat  Hex/Ice        ##....       12%         2    ##.....
c - Confuse               Hex            ###.....     10%         3    ###....


Dungeon Overview and Level Annotations

Branches:
Dungeon (4/15)
 Temple: D:4-7

Altars:
Elyvilon


Innate Abilities, Weirdness & Mutations

You are tiny and cannot use many weapons and most armour.
You have supernaturally acute eyesight.
You are a herbivore.
You cover ground extremely quickly.
You need consume almost no food.


Message History

* * * LOW HITPOINT WARNING * * *
You are more poisoned.
The worker ant poisons you!
Drink which item? (? for menu, Esc to quit)
Okay, then.
Casting: Ensorcelled Hibernation
Confirm with . or Enter, or press ? or * to list all spells.
Aiming: Ensorcelled Hibernation
Press: ? - help, Shift-Dir - straight line, f/p - worker ant
Aim: a worker ant (moderately wounded)
The worker ant resists.
* * * LOW HITPOINT WARNING * * *
You feel sick. The worker ant closely misses you.
Casting: Ensorcelled Hibernation
Confirm with . or Enter, or press ? or * to list all spells.
Aiming: Ensorcelled Hibernation
Press: ? - help, Shift-Dir - straight line, f/p - worker ant
Aim: a worker ant (moderately wounded)
You miscast Ensorcelled Hibernation.
You feel uncomfortably cold.
You die...

### .. ##### # #. #...#
... . # #.#######...#
.....
##.###......##...##.....
...................>.....
...(...a@..............#.
##....#....)...)....##...
.... #........##...+#..#
.. #........##...##...
#........##...####.
#.......###...# #.
...#####.# #...####.
..... #..##.......# ....
.#.##.......#


You could see a worker ant.

Vanquished Creatures
  Sigmund (D:2)
  2 orc priests (D:3)
  3 adders
  3 giant geckos
  An ooze (D:1)
  7 orcs (D:3)
  A ball python (D:2)
  2 giant cockroaches (D:3)
  4 goblins
  6 hobgoblins
  15 kobolds
  13 bats
  5 giant newts
  5 rats
68 creatures vanquished.

Notes
Turn   | Place    | Note
--------------------------------------------------------------
     0 | D:1      | kae, the Spriggan Enchanter, began the quest for the Orb.
     0 | D:1      | Reached XP level 1. HP: 9/9 MP: 4/4
   587 | D:1      | Reached XP level 2. HP: 5/13 MP: 7/7
   691 | D:1      | Learned a level 2 spell: Ensorcelled Hibernation
  1148 | D:2      | Noticed Sigmund
  1153 | D:2      | Killed Sigmund
  1153 | D:2      | Reached skill level 5 in Stealth
  1153 | D:2      | Reached XP level 3. HP: 7/16 MP: 4/11
  1153 | D:2      | Reached XP level 4. HP: 9/21 MP: 4/13
  1402 | D:2      | Reached skill level 6 in Stealth
  1446 | D:2      | Learned a level 3 spell: Confuse
  1838 | D:3      | Reached XP level 5. HP: 11/24 MP: 8/16
  3021 | D:4      | Found a white marble altar of Elyvilon.
  3147 | D:4      | Succumbed to a worker ant's poison

Action                   |  1- 3 |  4- 6 || total
-------------------------+-------+-------++-------
Melee: Dagger            |    55 |   145 ||   200
 Cast: Ensorcelled Hiber |     5 |    32 ||    37
       Confuse           |       |     1 ||     1
       Corona            |       |     1 ||     1
  Use: Scroll            |       |     5 ||     5
       Potion            |       |     1 ||     1
 Stab: Sleeping          |     6 |    22 ||    28
       Confused          |       |     1 ||     1
       Distracted        |       |     2 ||     2
